 Dungeon Crawl Stone Soup version 0.29-a0-1023-g6ae1a4a2c7 (webtiles) character file.

Game seed: 6573526261688241529

116 bladeefan the Trooper (level 4, 0/38 HPs)
             Began as a Demonspawn Chaos Knight on Aug 11, 2022.
             Was a Plaything of Xom.
             Slain by an orc wizard
             ... wielding a +1 dagger of freezing
              (2 damage)
             ... on level 3 of the Dungeon.
             The game lasted 00:05:01 (2986 turns).

bladeefan the Trooper (Demonspawn Chaos Knight)     Turns: 2986, Time: 00:05:02

Health: 0/38       AC: 11    Str: 13    XL:     4   Next: 69%
Magic:  4/4        EV:  3    Int: 18    God:    Xom [....*.]
Gold:   121        SH:  4    Dex: 11    Spells: 3/3 levels left

rFire   . . .      SeeInvis .   a - +1 morningstar
rCold   . . .      Faith    .   (no shield)
rNeg    . . .      Spirit   .   h - +0 plate armour
rPois   .          Reflect  .   (no helmet)
rElec   .          Harm     .   b - scarf {+Inv}
rCorr   .          Rampage  .   (no gloves)
Will    .....                   (no boots)
Stlth   ..........              (no amulet)
HPRegen 0.12/turn               (no ring)
MPRegen 0.09/turn               (no ring)

@: no status effects
A: powered by death 1, condensation shield, weakness stinger 1, clever 1, wild
magic 1, evolution 1
a: Renounce Religion, Evoke Invisibility


You were on level 3 of the Dungeon.
You worshipped Xom.
You were a beloved toy of Xom.
You visited 1 branch of the dungeon, and saw 4 of its levels.

You collected 121 gold pieces.

Inventory:

Hand Weapons
 a - a +1 morningstar (weapon)
   (You found it on level 2 of the Dungeon)
Armour
 b - a scarf of invisibility (worn)
   (You found it on level 2 of the Dungeon)
 h - a +0 plate armour (worn)
   (You found it on level 2 of the Dungeon)
Wands
 v - a wand of digging (7)
   (You found it on level 3 of the Dungeon)
 x - a wand of acid (6)
   (Xom gifted it to you on level 2 of the Dungeon)
Scrolls
 e - a scroll of magic mapping
 f - 2 scrolls of noise {unknown}
 g - a scroll of enchant weapon
 j - a scroll of identify {unknown}
 l - a scroll of teleportation {unknown}
Potions
 d - a potion of attraction {!q}
 i - 2 potions of curing {unknown}
 k - a potion of might {unknown}
 m - a potion of degeneration {unknown}
 n - a potion of haste {unknown}
 o - a potion of heal wounds {unknown}
Miscellaneous
 c - a piece from Xom's chessboard (15/15) (quivered)


   Skills:
 * Level 4.3 Fighting
 + Level 3.3 Maces & Flails
 + Level 2.6 Armour
 - Level 1.3 Dodging


You had 3 spell levels left.
You didn't know any spells.
Your spell library contained the following spells:

 Spells                   Type           Power      Damage    Failure   Level
 Inner Flame              Hex/Fire       0%         N/A       100%        3
 Cause Fear               Hex            0%         N/A       100%        4
 Discord                  Hex            0%         N/A       100%        8


Dungeon Overview and Level Annotations

Branches:
Dungeon (4/15)
 Temple: D:4-7

Altars:


Innate Abilities, Weirdness & Mutations

You regenerate a little health from kills.
A meltable shield of frost defends you. (SH +4)
You have a small tail.
Your mind is acute. (Int +4, Str/Dex -1)
Your spells are a little harder to cast, but a little more powerful.
You have hidden genetic potential.


Message History

The giant cockroach barely misses you. You block the giant cockroach's attack.
You sock the giant cockroach!
You kill the giant cockroach!
You closely miss the orc.
An orc wizard comes into view. It is wielding a +1 dagger of freezing.
You block the orc's attack. The orc hits you with a +0 hand axe.
* * * LOW HITPOINT WARNING * * *
You hit the orc. The orc hits you but does no damage.
You hit the orc.
You tail-slap the orc, but do no damage.
You are now a BORING thing.
The orc hits you with a +0 hand axe.
* * * LOW HITPOINT WARNING * * *
An orc comes into view. It is wielding a +0 club.
The orc shouts!
You hit the orc.
You kill the orc!
You hear a shout!
The orc wizard hits you but does no damage.
An orc comes into view. It is wielding a +1 mace of holy wrath.
The orc wizard hits you but does no damage.
The orc shouts!
You puncture the orc wizard! You tail-slap the orc wizard.
The orc wizard gestures at you while chanting.
The magic dart hits you but does no damage.
You hit the orc wizard. "Fight to survive, mortal."
You are now a beloved toy of Xom.
You block the orc wizard's attack.
The orc wizard hits you but does no damage.
The orc wizard gestures wildly while chanting.
The orc wizard flickers and vanishes!
Deactivating autopickup; reactivate with Ctrl-A.
The hobgoblin hits you.
* * * LOW HITPOINT WARNING * * *
You climb upwards.
Reactivating autopickup.
There is a stone staircase leading down here.
You hit the orc wizard.
You hear some strange, mumbled words.
A magic dart appears from out of thin air!
Deactivating autopickup; reactivate with Ctrl-A.
The magic dart hits you.
* * * LOW HITPOINT WARNING * * *
The orc wizard hits you but does no damage.
Something hits you but does no damage.
The orc wizard hits you with a +1 dagger of freezing.
* * * LOW HITPOINT WARNING * * *
The orc wizard freezes you.
You die...

# #.# #.#.# # #.#
#.#.# # #.# #.#.#
# #.# #...# # #.#
###.# ### ###.#
#.#
..####.)<#######.#
#..............o.#
#.####.#########@#
#.# #.# #{# #.#
#.# #.# #.# #.#
#.# ..# #.# #.#
..####.# #.#
.......# #.#
#.###### #.#
..##############.#


You could see an orc wizard.

Vanquished Creatures
  3 adders
  4 worms
  A dart slug (D:2)
  3 orcs
  4 ball pythons
  5 bats
  6 endoplasms
  6 giant cockroaches
  7 hobgoblins
  2 jackals (D:1)
  2 quokkas (D:3)
  8 frilled lizards
  5 goblins
  7 kobolds
  5 rats
68 creatures vanquished.

Vanquished Creatures (others)
  A hobgoblin zombie (D:2)
1 creature vanquished.

Grand Total: 69 creatures vanquished

Notes
Turn   | Place    | Note
-------+----------+-------------------------------------------
     0 | D:1      | bladeefan the Demonspawn Chaos Knight began the quest for
                  | the Orb.
     0 | D:1      | Reached XP level 1. HP: 18/18 MP: 1/1
    71 | D:1      | XOM: silly message
    74 | D:1      | Reached skill level 1 in Dodging
    95 | D:1      | XOM: potion effect (invisibility)
   116 | D:1      | Gained mutation: A meltable shield of frost defends you.
                  | (SH +4) [demonic ancestry]
   116 | D:1      | Reached XP level 2. HP: 13/24 MP: 2/2
   848 | D:2      | Gained mutation: You have a small tail. [demonic ancestry]
   848 | D:2      | Reached XP level 3. HP: 21/29 MP: 3/3
   867 | D:2      | XOM: 2-stop teleportation journey
  1055 | D:2      | Found a faded altar of an unknown god.
  1063 | D:2      | XOM: 3-stop teleportation journey
  1111 | D:2      | XOM: give mutations
  1111 | D:2      | Gained mutation: You are resistant to electric shocks.
                  | (rElec) [Xom's mischief]
  1111 | D:2      | Lost mutation: You are resistant to electric shocks.
                  | (rElec) [Xom's mischief]
  1362 | D:2      | XOM: summons 2 hostile demons
  1366 | D:2      | XOM: butterfly on damage
  1836 | D:2      | XOM: god gift: wand of acid (6)
  2033 | D:2      | XOM: scenery: 2 doors close
  2047 | D:2      | Reached skill level 4 in Fighting
  2047 | D:2      | Gained mutation: You regenerate a little health from kills.
                  | [demonic ancestry]
  2047 | D:2      | Reached XP level 4. HP: 37/37 MP: 4/4
  2440 | D:3      | XOM: 2-stop teleportation journey
  2446 | D:3      | XOM: cloud trail
  2789 | D:3      | XOM: give mutations
  2789 | D:3      | Gained mutation: Your spells are a little harder to cast,
                  | but a little more powerful. [Xom's grace]
  2789 | D:3      | Gained mutation: You have hidden genetic potential. [Xom's
                  | grace]
  2789 | D:3      | Gained mutation: Your mind is acute. (Int +4, Str/Dex -1)
                  | [Xom's grace]
  2911 | D:4      | XOM: scenery: summon butterflies
  2983 | D:4      | XOM is BORED!
  2983 | D:4      | XOM: summons 2 hostile shadow creatures
  2986 | D:3      | Slain by an orc wizard

Illustrated notes

Levels and vault maps discovered:
D:1:      lightli_arrival_quake, layout_rooms
D:2:      minmay_general_purpose_star, layout_basic,
          shapermc_ecumenical_altar_pompeii, kennysheep_cross_bottleneck,
          minivault_25, minmay_close_crescents
D:3:      layout_loops_ring
D:4:      layout_cave_pools, kennysheep_generic_room_13

Skill      XL: |  1  2  3 |
---------------+----------+-----
Dodging        | 1 |  1.3
Armour         | 2 |  2.6
Maces & Flails | 3 |  3.3
Fighting       | 4 |  4.3

Action                   |  1- 3 |  4- 6 || total
-------------------------+-------+-------++-------
Melee: Mace              |    85 |       ||    85
       Morningstar       |    37 |    77 ||   114
       Flail             |    16 |       ||    16
       Tailslap          |     5 |     9 ||    14
       Punch             |       |     1 ||     1
  Use: Scroll            |       |     2 ||     2
       Potion            |       |     1 ||     1
 Stab: Invisible         |     1 |       ||     1
Armor: Leather armour    |    25 |       ||    25
       Plate armour      |    62 |    94 ||   156
Dodge: Dodged            |    57 |    25 ||    82
Block: Other             |    23 |    21 ||    44

Table legend: (Time is in decaauts)
 A = Elapsed time spent in this place.
 B = Non-inter-level travel time spent in this place.
 C = Inter-level travel time spent in this place.
 D = Time resting spent in this place.
 E = Time spent auto-exploring this place.
 F = Levels seen in this place.
 G = Mean time per level.
                   A        B        C        D        E       F      G
               +--------+--------+--------+--------+--------+-----+--------+
         Total |   3049 |   2987 |     62 |    436 |   1923 |   4 |  762.2 |
       Dungeon |   3049 |   2987 |     62 |    436 |   1923 |   4 |  762.2 |
               +--------+--------+--------+--------+--------+-----+--------+

Top non-repeatable levels by time:
     D:2: 1525 daAuts
     D:3: 824 daAuts
     D:1: 653 daAuts
     D:4: 45 daAuts
